 Dungeon Crawl Stone Soup version 0.30-a0-696-g2367cd04db (webtiles) character file.

Game seed: 4681812691720431125

22626 testman the Fruitful (level 12, -10/96 HPs)
             Began as a Demonspawn Wanderer on Jan 20, 2023.
             Was a Priest of Fedhas.
             Killed by an exploding ballistomycete spore (14 damage)
             ... set off by themself
             ... in a Gauntlet.
             The game lasted 01:14:45 (11919 turns).

testman the Fruitful (Demonspawn Wanderer)         Turns: 11919, Time: 01:14:46

Health: -10/96     AC: 19    Str: 23    XL:     12   Next: 64%
Magic:  0/21       EV: 13    Int: 17    God:    Fedhas [***...]
Gold:   140        SH:  0    Dex: 10    Spells: 11/24 levels left

rFire   . . .      SeeInvis .    n - +2 whip (elec)
rCold   . . .      Faith    .    (no shield)
rNeg    . . .      Spirit   +    P - +0 troll leather armour
rPois   .          Reflect  .    w - +2 helmet
rElec   +          Harm     .    k - +1 cloak
rCorr   .          Rampage  .    r - +1 pair of gloves
Will    .....      NoTele   +    U - +0 pair of boots
Stlth   +                        t - amulet of regeneration
HPRegen 1.96/turn                M - +6 ring of intelligence
MPRegen 0.34/turn                N - ring of Hekkaudgh {Fly rElec}

@: confused, sanguine armoured, flying
A: magic shield, magic regeneration, magic link, sanguine armour 1, demonic
magic 2, weakness stinger 2
a: Renounce Religion, Wall of Briars, Grow Ballistomycete


You were in a Gauntlet.
You worshipped Fedhas.
Fedhas was most pleased with you.
You visited 1 branch of the dungeon, and saw 13 of its levels.
You also visited: Gauntlet.

You collected 858 gold pieces.
You spent 718 gold pieces at shops.

Inventory:

Hand Weapons
 a - a +0 mace
 e - a +0 dagger
 n - a +2 whip of electrocution (weapon)
 x - a +0 morningstar
Missiles
 b - 5 throwing nets
 d - 22 poisoned darts (quivered)
 v - 3 boomerangs of dispersal
 D - 14 boomerangs
 I - 2 silver boomerangs
 Q - 3 curare-tipped darts
Armour
 c - a +0 leather armour
 k - a +1 cloak (worn)
 r - a +1 pair of gloves (worn)
 w - a +2 helmet (worn)
 B - a +0 kite shield
 J - +0 swamp dragon scales
 P - a +0 troll leather armour (worn)
 U - a +0 pair of boots (worn)
Jewellery
 q - an amulet of reflection
 t - an amulet of regeneration (around neck)
 M - a +6 ring of intelligence (left hand)
 N - the ring of Hekkaudgh (right hand) {Fly rElec}
   (You found it in a Gauntlet)

   [ring of flight]

   rElec:     It insulates you from electricity.
   Fly:       It grants you flight.
Wands
 g - a wand of quicksilver (9)
 F - a wand of mindburst (11)
 S - a wand of iceblast (3)
Scrolls
 f - a scroll of blinking
 j - 3 scrolls of teleportation
 l - 2 scrolls of vulnerability
 s - 4 scrolls of enchant armour
 u - a scroll of torment
 y - 2 scrolls of amnesia
 E - a scroll of enchant weapon
 H - 3 scrolls of summoning {unknown}
 R - a scroll of silence
 T - a scroll of fog {unknown}
Potions
 h - 4 potions of brilliance
 i - a potion of magic
 m - a potion of resistance
 o - 2 potions of attraction
 p - 3 potions of flight
 z - a potion of lignification {unknown}
 A - a potion of haste
 C - a potion of ambrosia {unknown}
 G - 2 potions of mutation {unknown}
 K - 2 potions of cancellation {unknown}
 L - 2 potions of might
 O - a potion of curing


   Skills:
 + Level 9.4 Fighting
 + Level 7.7 Maces & Flails
 - Level 4.0 Throwing
 - Level 3.2 Armour
 - Level 5.0 Dodging
 - Level 1.0 Stealth
 - Level 5.1 Shields
 + Level 6.5 Spellcasting
 + Level 2.7 Hexes
 + Level 7.6 Necromancy
 + Level 5.3 Air Magic
 - Level 3.0 Poison Magic
 + Level 11.0 Invocations


You had 11 spell levels left.
You knew the following spells:

 Your Spells              Type           Power      Damage    Failure   Level
a - Cigotuvi's Dreadful   Necr/Pois/Air  46%        N/A       2%          2
b - Dispel Undead         Necr           31%        3d14      6%          4
c - Swiftness             Air            23%        N/A       4%          3
d - Animate Dead          Necr           31%        N/A       6%          4

Your spell library contained the following spells:

 Spells                   Type           Power      Damage    Failure   Level
 Shock                    Conj/Air       56%        1d6       4%          1
 Ensorcelled Hibernation  Hex/Ice        20%        N/A       12%         2
 Airstrike                Air            11%        2d(2-18)  16%         4
 Anguish                  Hex/Necr       11%        N/A       16%         4
 Scorch                   Fire           10%        2d6       22%         2
 Spider Form              Tmut/Pois      10%        N/A       22%         3
 Dazzling Flash           Conj/Hex       20%        N/A       24%         3
 Inner Flame              Hex/Fire       10%        N/A       24%         3
 Frozen Ramparts          Ice            10%        1d2       38%         3
 Death Channel            Necr           15%        N/A       67%         6
 Flame Wave               Conj/Fire      5%         2d5       80%         4
 Ice Form                 Ice/Tmut       5%         N/A       80%         4
 Iskenderun's Mystic Bla  Conj/Tloc      5%         2d3       80%         4
 Sticky Flame             Conj/Fire      5%         2d3       80%         4
 Summon Ice Beast         Ice/Summ       5%         N/A       80%         4
 Starburst                Conj/Fire      2%         6d3       100%        6
 Summon Cactus Giant      Summ           2%         N/A       100%        6
 Haunt                    Necr/Summ      9%         N/A       100%        7
 Infestation              Necr           15%        N/A       100%        8


Dungeon Overview and Level Annotations

Branches:
Dungeon (13/15)            Temple (0/1) D:7            Lair (0/5) D:9
    Orc (0/2) D:11        Gauntlet (1/1)
 Vaults: D:13-14

Altars:
Dithmenos
Fedhas
Hepliaklqana
Makhleb
Nemelex Xobeh
Okawaru
Qazlal
Ru
Sif Muna
Uskayaw
Vehumet
Yredelemnul

Shops:
D:1 [   D:7 *   D:9 :

Annotations:
Gauntlet 8 transporters


Innate Abilities, Weirdness & Mutations

When hurt, damage is shared between your health and your magic reserves.
You regenerate magic rapidly.
When low on magic, you restore magic in place of health.
When seriously injured, your blood forms armour. (AC +6)
Spells you cast may paralyse nearby enemies.
You have a tail ending in a sharp stinger.


Message History

You miscast Swiftness.
You are very lightly contaminated with residual magic.
Nothing appears to happen.
The minotaur hits you but does no damage.
You writhe in agony.
The minotaur gores you.
* * * LOW HITPOINT WARNING * * *
The minotaur attacks as you move away!
The minotaur hits you with a +5 dagger of pain!
* * * LOW HITPOINT WARNING * * *
You writhe in agony.
* * * LOW HITPOINT WARNING * * *
The minotaur gores you.
* * * LOW HITPOINT WARNING * * *
A ballistomycete spore comes into view.
A ballistomycete spore comes into view.
The minotaur throws a silver javelin.
The silver javelin pierces through your ballistomycete spore!!!
The silver javelin pierces through you.
* * * LOW HITPOINT WARNING * * *
The silver sears you!
* * * LOW HITPOINT WARNING * * *
Your ballistomycete spore explodes!
The minotaur appears confused.
The explosion of spores engulfs the minotaur!!
The minotaur is severely wounded.
The explosion of spores engulfs you!!
You are confused.
* * * LOW HITPOINT WARNING * * *
Your magical contamination has completely faded away.
A ballistomycete spore comes into view.
The minotaur hits your ballistomycete spore with a +5 dagger of pain!
Your ballistomycete spore writhes in agony!
Your ballistomycete spore explodes!
The minotaur appears confused.
The explosion of spores engulfs the minotaur!!
The minotaur is almost dead.
The explosion of spores engulfs you!!
You are more confused.
You die...
Fedhas appreciates your contribution to the ecosystem.

#.#...#..#F........#..
#.#...#..###########..
#.#.©.#≈.............≈
#.(..P#∩............≈8
#.#.*.#≈.............≈
#.#...#..###########..
#.#...#..##........#..
#.#.8.#..#©######..#..
#.#..@#..###....##.###
H.#.8.#..##.####.#.#..
###.H.#..#.##.©..#.#©.
#≈8≈#..#.#.####.##..
#####..#.##....#####
###..#..######"#..
#8#..#.........#.8
###..###########..
#...............


You could see a minotaur (confused, ally target), a friendly ballistomycete
(summoned) and a friendly ballistomycete spore.

Vanquished Creatures
  Gastronok (D:9)
  A quicksilver ooze (Gauntlet)
  Fannar (D:11)
  A centaur warrior (D:9)
  3 two-headed ogres
  A death knight (D:12)
  A large abomination (Gauntlet)
  Sonja (D:11)
  A wizard (D:12)
  Pikel (D:5)
  A cyclops (D:11)
  2 ugly things
  2 manticores
  Maurice (D:8)
  A water nymph (shapeshifter) (D:9)
  A kobold demonologist (D:9)
  Maggie (D:8)
  A yaktaur (D:12)
  A komodo dragon (D:10)
  3 trolls
  A polar bear (shapeshifter) (D:12)
  A shadow (D:12)
  2 wraiths (D:10)
  10 yaks
  3 small abominations (Gauntlet)
  Grum (D:10)
  8 vampire mosquitoes
  Menkaure (D:7)
  2 water moccasins (D:5)
  An acid dragon (D:8)
  A swamp drake (D:11)
  Duvessa (D:7)
  3 orc warriors
  2 ice beasts (D:6)
  A black bear (D:6)
  4 wolves
  2 ogres
  A boggart (D:12)
  3 lemures (D:5)
  5 centaurs
  5 bullfrogs
  A kobold brigand (D:9)
  2 scorpions
  4 necrophages
  Dowan (D:7)
  11 wights
  A howler monkey (D:4)
  An electric eel (D:9)
  8 hounds
  2 jellies
  6 orc priests
  A gnoll bouda (D:10)
  6 iguanas
  18 orc wizards
  Robin (D:3)
  9 adders
  4 gnolls (D:10)
  A shadow imp (D:7)
  An ufetubus (D:7)
  2 worms
  2 dart slugs (D:1)
  47 orcs
  3 endoplasms
  8 giant cockroaches
  16 goblins
  9 hobgoblins
  4 jackals (D:1)
  A quokka (D:1)
  8 ball pythons
  6 bats
  2 frilled lizards
  15 kobolds
  A ballistomycete spore (Gauntlet)
286 creatures vanquished.

Vanquished Creatures (collateral kills)
  A boulder beetle (D:11)
  2 two-headed ogres (D:11)
  A kobold demonologist (D:12)
  A troll (D:10)
  3 wolves
  An ogre (D:11)
  A gnoll (D:10)
  16 ballistomycete spores
26 creatures vanquished.

Vanquished Creatures (others)
  A wizard (D:12)
  A human zombie (D:12)
  A polar bear zombie (D:12)
  An orc wizard (D:6)
  2 orc zombies (D:11)
  4 gnoll zombies (D:10)
  2 ballistomycete spores
  7 fungi (D:4)
  5 plants
24 creatures vanquished.

Grand Total: 336 creatures vanquished

Notes
Turn   | Place    | Note
-------+----------+-------------------------------------------
     0 | D:1      | testman the Demonspawn Wanderer began the quest for the
                  | Orb.
     0 | D:1      | testman set off with the following items: a +0 mace, 3
                  | throwing nets, a +0 leather armour, 8 poisoned darts, a +0
                  | dagger, a scroll of blinking.
     0 | D:1      | Reached XP level 1. HP: 13/13 MP: 2/2
    41 | D:1      | Found Ceocw's Armour Boutique.
    70 | D:1      | Gained mutation: You have a small tail. [demonic ancestry]
    70 | D:1      | Reached XP level 2. HP: 16/20 MP: 3/3
   179 | D:1      | Reached skill level 1 in Fighting
   436 | D:1      | Found a faded altar of an unknown god.
   544 | D:1      | Reached XP level 3. HP: 11/26 MP: 4/4
   912 | D:1      | Bought a +0 cloak for 58 gold pieces
  1496 | D:3      | You fall into a shaft and drop 1 floor!
  1517 | D:4      | Noticed an ogre
  1537 | D:3      | Reached XP level 4. HP: 19/33 MP: 5/5
  1894 | D:3      | Found a basalt altar of Yredelemnul.
  1896 | D:3      | Found a burning altar of Makhleb.
  2356 | D:3      | Noticed Robin
  2379 | D:3      | Killed Robin
  2627 | D:4      | Reached XP level 5. HP: 39/39 MP: 6/6
  2798 | D:4      | Gained mutation: You regenerate magic rapidly. [demonic
                  | ancestry]
  2798 | D:4      | Reached XP level 6. HP: 47/47 MP: 7/7
  3013 | D:4      | Found a blossoming altar of Fedhas.
  3022 | D:4      | Became a worshipper of Fedhas Madash
  3344 | D:5      | Entered Level 5 of the Dungeon
  3662 | D:5      | Reached skill level 5 in Dodging
  3662 | D:5      | Reached skill level 1 in Invocations
  3674 | D:5      | Gained mutation: When seriously injured, your blood forms
                  | armour. (AC +6) [demonic ancestry]
  3674 | D:5      | Reached XP level 7. HP: 54/54 MP: 8/8
  3758 | D:5      | Reached skill level 2 in Invocations
  3774 | D:5      | Reached skill level 1 in Shields
  4031 | D:5      | Reached skill level 3 in Invocations
  4050 | D:5      | Reached skill level 5 in Fighting
  4153 | D:5      | Found a sacrificial altar of Ru.
  4181 | D:5      | Noticed Pikel
  4198 | D:5      | Killed Pikel
  4199 | D:5      | Reached skill level 5 in Invocations
  4199 | D:5      | Gained mutation: When hurt, damage is shared between your
                  | health and your magic reserves. [demonic ancestry]
  4199 | D:5      | Reached XP level 8. HP: 41/64 MP: 9/11
  4537 | D:6      | Reached * piety under Fedhas
  4611 | D:6      | Found a sparkling altar of Nemelex Xobeh.
  4857 | D:6      | Found a shimmering blue altar of Sif Muna.
  4857 | D:6      | Found a stormy altar of Qazlal.
  5004 | D:6      | Gained mutation: Spells you cast may paralyse adjacent
                  | enemies. [demonic ancestry]
  5004 | D:6      | Reached XP level 9. HP: 69/69 MP: 13/13
  5230 | D:6      | Reached skill level 6 in Invocations
  5291 | D:7      | Reached skill level 1 in Necromancy
  5298 | D:7      | Reached skill level 1 in Poison Magic
  5303 | D:7      | Reached skill level 1 in Air Magic
  5305 | D:7      | Found a hide-covered altar of Uskayaw.
  5422 | D:7      | Found Xohosut's Sacrilege Store.
  5438 | D:7      | Reached ** piety under Fedhas
  5456 | D:7      | Noticed Menkaure
  5465 | D:7      | Killed Menkaure
  5486 | D:7      | Noticed Dowan
  5489 | D:7      | Noticed Duvessa
  5520 | D:7      | Killed Duvessa
  5526 | D:7      | Killed Dowan
  5809 | D:7      | Found a staircase to the Ecumenical Temple.
  5900 | D:8      | Learned a level 2 spell: Cigotuvi's Dreadful Rot
  5905 | D:8      | Noticed a two-headed ogre
  5928 | D:8      | Killed a two-headed ogre
  5929 | D:8      | Reached skill level 5 in Maces & Flails
  5929 | D:8      | Reached skill level 7 in Invocations
  6048 | D:8      | Noticed Maggie
  6074 | D:8      | Killed Maggie
  6075 | D:8      | Gained mutation: When low on magic, you restore magic in
                  | place of health. [demonic ancestry]
  6075 | D:8      | Reached XP level 10. HP: 66/79 MP: 11/15
  6185 | D:8      | Found a hazy altar of Hepliaklqana.
  6187 | D:8      | Found a shadowy altar of Dithmenos.
  6219 | D:8      | Noticed a two-headed ogre
  6233 | D:8      | Killed a two-headed ogre
  6297 | D:8      | Noticed Maurice
  6332 | D:8      | Killed Maurice
  6333 | D:8      | Reached skill level 8 in Invocations
  6589 | D:9      | Found Hoce's Book Shop.
  6645 | D:9      | Found an iron altar of Okawaru.
  6836 | D:9      | Noticed a white ugly thing
  6993 | D:9      | Found a staircase to the Lair.
  7247 | D:9      | Noticed a two-headed ogre
  7307 | D:9      | Noticed a centaur warrior
  7325 | D:9      | Killed a centaur warrior
  7495 | D:8      | Reached *** piety under Fedhas
  7543 | D:8      | Reached skill level 5 in Necromancy
  7543 | D:8      | Gained mutation: Spells you cast may paralyse nearby
                  | enemies. [demonic ancestry]
  7543 | D:8      | Reached XP level 11. HP: 78/86 MP: 17/17
  7572 | D:9      | Killed a white ugly thing
  7573 | D:9      | Reached skill level 5 in Shields
  7687 | D:9      | Killed a two-headed ogre
  7688 | D:9      | Reached skill level 9 in Invocations
  7710 | D:9      | Learned a level 4 spell: Dispel Undead
  7791 | D:9      | Learned a level 3 spell: Swiftness
  7823 | D:9      | Noticed Gastronok
  7874 | D:9      | Killed Gastronok
  8177 | D:9      | Reached skill level 5 in Spellcasting
  8228 | D:10     | Entered Level 10 of the Dungeon
  8389 | D:10     | Noticed Grum
  8423 | D:10     | Killed Grum
  8632 | D:7      | Bought a book of Death for 660 gold pieces
  8637 | D:7      | Learned a level 4 spell: Animate Dead
  9167 | D:11     | Noticed Fannar
  9245 | D:11     | Noticed Sonja
  9253 | D:11     | Killed Sonja
  9334 | D:11     | Noticed a boulder beetle
  9348 | D:11     | Killed a boulder beetle
  9349 | D:11     | Reached skill level 10 in Invocations
  9428 | D:11     | Killed Fannar
  9568 | D:11     | Noticed a two-headed ogre
  9577 | D:11     | Killed a two-headed ogre
  9578 | D:11     | Gained mutation: You have a tail ending in a sharp stinger.
                  | [demonic ancestry]
  9578 | D:11     | Reached XP level 12. HP: 73/94 MP: 13/20
 10255 | D:11     | Found a staircase to the Orcish Mines.
 10267 | D:11     | Reached **** piety under Fedhas
 10348 | D:11     | Noticed a two-headed ogre
 10365 | D:11     | Killed a two-headed ogre
 10366 | D:11     | Reached skill level 1 in Hexes
 10718 | D:12     | Identified the +7 spear "Ucwenico" {flame, rC++}
 10719 | D:12     | Noticed a death knight
 10754 | D:12     | Killed a death knight
 10875 | D:12     | Reached skill level 5 in Air Magic
 11061 | D:12     | Identified the amulet of the Heavens {rN+ Regen+ rCorr}
 11064 | D:12     | Found a radiant altar of Vehumet.
 11068 | D:12     | Found a transporter.
 11070 | D:12     | Noticed a sphinx
 11072 | D:12     | Noticed an ogre mage
 11175 | D:12     | Noticed an ogre mage
 11519 | D:13     | Found a gate leading to a gauntlet.
 11521 | D:13     | Noticed a rakshasa
 11522 | D:13     | Noticed a catoblepas
 11528 | Gauntlet | Entered a Gauntlet
 11528 | Gauntlet | Found a transporter.
 11528 | Gauntlet | Found a transporter.
 11528 | Gauntlet | Found a transporter.
 11535 | Gauntlet | Found a transporter.
 11538 | Gauntlet | Found a transporter.
 11540 | Gauntlet | Noticed a quicksilver ooze
 11548 | Gauntlet | Found a transporter.
 11614 | Gauntlet | Found a transporter.
 11624 | Gauntlet | Found a transporter.
 11639 | Gauntlet | Found a transporter.
 11651 | Gauntlet | Found a transporter.
 11664 | Gauntlet | Found a transporter.
 11670 | Gauntlet | Found a transporter.
 11680 | Gauntlet | a yak changed into an entropy weaver
 11680 | Gauntlet | Noticed an entropy weaver (shapeshifter)
 11702 | Gauntlet | an entropy weaver changed into a komodo dragon
 11720 | Gauntlet | a hornet changed into an entropy weaver
 11720 | Gauntlet | Noticed an entropy weaver (shapeshifter)
 11776 | Gauntlet | Noticed an ice dragon
 11779 | Gauntlet | an entropy weaver changed into a tarantella
 11787 | Gauntlet | Reached skill level 11 in Invocations
 11848 | Gauntlet | Killed a quicksilver ooze
 11855 | Gauntlet | Identified the ring of Hekkaudgh {Fly rElec}
 11895 | Gauntlet | Noticed a minotaur
 11917 | Gauntlet | HP: 4/96 [spore (15)]
 11919 | Gauntlet | Killed by an exploding ballistomycete spore... set off by
                  | themself

Illustrated notes

Levels and vault maps discovered:
D:1:      saegor_arrival_miasma, layout_basic, serial_shops, shop,
          hellmonk_ecumenical_altar_leap_of_faith, serial_forest,
          infiniplex_forest_clump_small, infiniplex_forest_corner_1,
          infiniplex_forest_clump_small, infiniplex_forest_lined_ring,
          infiniplex_forest_lined_room_3, infiniplex_forest_lined_corner,
          infiniplex_forest_clump_cross, infiniplex_forest_straight_3,
          grunt_decor_arrowhead, minmay_pentomino_z2
D:2:      layout_rooms, roderic_lattice_a
D:3:      layout_basic, nicolae_overflow_hidden_temple, uniq_robin
D:4:      layout_loops_ring, fedhas_altar_3, gup_sewer_entry_glass,
          nicolae_concentric_dashed_squares_mild
D:5:      layout_basic, mainiacjoe_overflow_cross_hatched,
          nicolae_concentric_dashed_squares_wild, minmay_strange_pillars,
          uniq_pikel
D:6:      layout_loops_ring, zin_statuary, old_standard_altar,
          gammafunk_temple_overflow_wave
D:7:      layout_rooms, nicolae_uskayaw_murder_on_the_dancefloor,
          minmay_temple_entry_fiery, nicolae_evil_shop, uniq_menkaure,
          uniq_duvessa
D:8:      layout_basic, riverfiend_overflow_shadow_ancestor, st_stairs_11,
          uniq_maurice, uniq_maggie
D:9:      minmay_curly_fans, layout_grid_maze, mainiacjoe_overflow_24_doors,
          erik_lair_island, serial_shops, nicolae_stop_n_shop_2, uniq_gastronok
D:10:     layout_gridville, minmay_misc_feat_diagonals, uniq_grum
D:11:     layout_stronghold, erik_orc_1, uniq_sonja, uniq_fannar
D:12:     gammafunk_sealed_library, layout_loops_ring, kb_rosetta
D:13:     layout_basic, gauntlet_entry_generic, nicolae_hepliaklqana_hazy_memory
Gauntlet: gammafunk_gauntlet_shortcut [gammafunk_gauntlet_arena_grid,
          gammafunk_gauntlet_arena_spirals, nicolae_gauntlet_arena_grate_2,
          nicolae_gauntlet_arena_t_cross, nicolae_gauntlet_arena_blocks,
          nicolae_gauntlet_arena_quarters, dreamdust_gauntlet_exit_labyrinth]

Skill      XL: |  1  2  3  4  5  6  7  8  9 10 11 12 |
---------------+-------------------------------------+-----
Fighting       | 1 2 3 4 5 6 7 8 9 |  9.4
Throwing       | 3 4 |  4.0
Dodging        | 3 4 5 |  5.0
Invocations    | 1 5 7 8 10 11 | 11.0
Shields        | 3 4 5 |  5.1
Maces & Flails | 3 4 5 6 7 |  7.7
Armour         | 2 3 |  3.2
Necromancy     | 3 5 6 7 |  7.6
Poison Magic   | 1 2 3 |  3.0
Air Magic      | 1 2 4 5 |  5.3
Spellcasting   | 3 4 5 6 |  6.5
Hexes          | 2 |  2.7
Stealth        | |  1.0

Action                   |  1- 3 |  4- 6 |  7- 9 | 10-12 || total
-------------------------+-------+-------+-------+-------++-------
Melee: Mace              |   118 |   166 |       |       ||   284
       Tailslap          |     4 |    27 |    42 |   122 ||   195
       Morningstar       |       |    49 |   101 |    51 ||   201
       Punch             |       |     1 |     2 |    11 ||    14
       Whip              |       |       |   201 |   682 ||   883
Throw: Dart              |     1 |     9 |    35 |    62 ||   107
       Boomerang         |       |       |     1 |    10 ||    11
 Cast: Animate Dead      |       |       |       |     5 ||     5
       Swiftness         |       |       |       |     2 ||     2
Invok: Wall of Briars    |       |       |     1 |     7 ||     8
       Grow Ballistomyce |       |       |       |     6 ||     6
Evoke: Wand              |       |       |     2 |     6 ||     8
  Use: Scroll            |     2 |     5 |     3 |    13 ||    23
       Potion            |       |       |     1 |     3 ||     4
 Stab: Sleeping          |     2 |     2 |       |       ||     4
Armor: Leather armour    |    47 |   105 |    39 |       ||   191
       Chain mail        |       |       |   165 |       ||   165
       Swamp dragon scal |       |       |       |   164 ||   164
       Troll leather arm |       |       |       |   200 ||   200
Dodge: Dodged            |   104 |   162 |   173 |   439 ||   878
Block: Other             |     2 |     6 |       |       ||     8
       Kite shield       |       |       |     8 |   126 ||   134

Table legend: (Time is in decaauts)
 A = Elapsed time spent in this place.
 B = Non-inter-level travel time spent in this place.
 C = Inter-level travel time spent in this place.
 D = Time resting spent in this place.
 E = Time spent auto-exploring this place.
 F = Levels seen in this place.
 G = Mean time per level.
                   A        B        C        D        E       F      G
               +--------+--------+--------+--------+--------+-----+--------+
         Total |  11990 |  11357 |    633 |    507 |   7466 |  14 |  856.4 |
       Dungeon |  11611 |  10978 |    633 |    476 |   7304 |  13 |  893.2 |
      Gauntlet |    378 |    378 |      0 |     31 |    162 |   1 |  378.0 |
               +--------+--------+--------+--------+--------+-----+--------+

Top non-repeatable levels by time:
     D:9: 1495 daAuts
    D:11: 1384 daAuts
     D:5: 1201 daAuts
     D:1: 964 daAuts
     D:8: 953 daAuts
     D:3: 942 daAuts
     D:4: 917 daAuts
    D:10: 900 daAuts
    D:12: 812 daAuts
     D:6: 744 daAuts
     D:2: 633 daAuts
     D:7: 621 daAuts
Gauntlet: 378 daAuts
    D:13: 40 daAuts
